 Dungeon Crawl Stone Soup version 0.29.1-2-gbd0b4ee654 (webtiles) character file.

Game seed: 15792894472195636911

311650 Arcadio the Slayer (level 20, -9/202 HPs)
             Began as a Minotaur Hunter on Nov 4, 2022.
             Was the Champion of Cheibriados.
             Mangled by an ironbound frostheart (23 damage)
             ... on level 4 of the Vaults on Nov 6, 2022.
             The game lasted 03:51:32 (46381 turns).

Arcadio the Slayer (Minotaur Hunter)               Turns: 46381, Time: 03:51:33

Health: -9/202     AC: 34    Str: 34    XL:     20   Next: 42%
Magic:  32/32      EV: 13    Int: 21    God:    Cheibriados [******]
Gold:   601        SH:  0    Dex: 48    Spells: 16/19 levels left

rFire   + . .      SeeInvis .   b - +11 whip of Quick Death {vamp, rF+ Will+ Dex+4}
rCold   . . .      Faith    .   (no shield)
rNeg    . . .      Spirit   .   g - +12 chain mail "Omuleg" {rCorr Str+3}
rPois   .          Reflect  .   Y - +2 hat
rElec   .          Harm     .   D - +0 cloak {rCorr}
rCorr   +          Rampage  .   x - +0 pair of gloves
Will    +++..                   L - +2 pair of boots
Stlth   +.........              F - amulet of Vitality {RegenMP++ Regen++}
HPRegen 2.03/turn               A - +6 ring of dexterity
MPRegen 1.03/turn               R - ring of willpower

@: frozen, corroded, very slow
A: horns 2, retaliatory headbutt
}: 2/15 runes: decaying, serpentine
a: Renounce Religion, Bend Time, Temporal Distortion, Slouch, Step From Time


You were on level 4 of the Vaults.
You worshipped Cheibriados.
Cheibriados was exalted by your worship.
You visited 9 branches of the dungeon, and saw 37 of its levels.
You also visited: Ossuary and Ice Cave.

You collected 5092 gold pieces.
You spent 4491 gold pieces at shops.

Inventory:

Hand Weapons
 a - a +9 vorpal longbow
 b - the +11 whip of Quick Death (weapon) {vamp, rF+ Will+ Dex+4}
   (You found it on level 3 of the Dungeon)

   It occasionally heals its wielder for a portion of the damage dealt when it
   wounds a living foe.
   Dex:       It affects your dexterity (+4).
   rF:        It protects you from fire.
   Will:      It increases your willpower.
Armour
 c - the +0 plate armour "Ydahanuw" {*Slow rF++ Int+3}
   (You found it on level 10 of the Dungeon)

   Int:       It affects your intelligence (+3).
   rF:        It greatly protects you from fire.
   *Slow:     It may slow you when you take damage.
 g - the +12 chain mail "Omuleg" (worn) {rCorr Str+3}
   (You found it on level 10 of the Dungeon)

   Str:       It affects your strength (+3).
   rCorr:     It protects you from acid and corrosion.
 q - the +1 plate armour "Ucziont" {+Inv rElec rC- Slay-4}
   (You found it on level 15 of the Dungeon)

   Slay:      It affects your accuracy & damage with ranged weapons and melee
   (-4).
   rC:        It makes you vulnerable to cold.
   rElec:     It insulates you from electricity.
   +Inv:      It lets you turn invisible.
 x - a +0 pair of gloves (worn)
 D - a +0 cloak of preservation (worn)
 L - a +2 pair of boots (worn)
 Y - a +2 hat (worn)
Jewellery
 k - a ring of ice
 n - a ring of protection from cold
 A - a +6 ring of dexterity (left hand)
 B - a ring of wizardry
 F - the amulet of Vitality (around neck) {RegenMP++ Regen++}
   (You bought it in a shop on level 4 of the Snake Pit)

   [amulet of magic regeneration]

   It increases your rate of magic regeneration.
   Regen:     It increases your rate of health regeneration.
 M - a ring of poison resistance
 Q - a ring of protection from fire
 R - a ring of willpower (right hand)
 S - a ring of see invisible
Wands
 j - a wand of roots (8)
 l - a wand of flame (59)
 r - a wand of paralysis (37)
 t - a wand of quicksilver (5)
 y - a wand of mindburst (19)
 K - a wand of digging (10)
 X - a wand of polymorph (15)
Scrolls
 d - 17 scrolls of teleportation
 i - 2 scrolls of magic mapping
 o - 9 scrolls of fog
 s - 11 scrolls of enchant armour
 C - a scroll of blinking
 E - 6 scrolls of summoning
 I - 6 scrolls of poison
 N - 5 scrolls of brand weapon
 O - 5 scrolls of fear
 U - 4 scrolls of silence
Potions
 e - 7 potions of might
 f - 8 potions of mutation
 h - 3 potions of ambrosia
 m - 4 potions of lignification
 p - 5 potions of attraction
 u - 11 potions of curing
 v - 7 potions of cancellation
 w - 4 potions of invisibility
 z - 2 potions of berserk rage
 G - 2 potions of resistance


   Skills:
 + Level 22.6 Fighting
 + Level 22.0 Maces & Flails
 - Level 12.4 Ranged Weapons
 + Level 22.5 Armour
 - Level 2.1 Dodging
 - Level 0.7 Stealth
 + Level 18.6 Invocations


You had 16 spell levels left.
You knew the following spells:

 Your Spells              Type           Power      Damage    Failure   Level
a - Apportation           Tloc           0%         N/A       36%         1
b - Passwall              Tmut/Erth      0%         N/A       50%         2

Your spell library contained the following spells:

 Spells                   Type           Power      Damage    Failure   Level
 Foxfire                  Conj/Fire      0%         2x1d4     36%         1
 Magic Dart               Conj           0%         1d3       36%         1
 Sandblast                Erth           0%         2d4       36%         1
 Sting                    Tmut/Pois      0%         1d3       36%         1
 Summon Small Mammal      Summ           0%         N/A       36%         1
 Call Imp                 Summ           0%         N/A       50%         2
 Poisonous Vapours        Pois/Air       0%         N/A       50%         2
 Scorch                   Fire           0%         2d5       50%         2
 Sublimation of Blood     Necr           0%         N/A       50%         2
 Wereblood                Tmut           0%         N/A       50%         2
 Call Canine Familiar     Summ           0%         N/A       75%         3
 Confusing Touch          Hex            0%         N/A       75%         3
 Conjure Flame            Conj/Fire      0%         6-21      75%         3
 Ignite Poison            Fire/Tmut/Pois 0%         N/A       75%         3
 Inner Flame              Hex/Fire       0%         N/A       75%         3
 Mephitic Cloud           Conj/Pois/Air  0%         N/A       75%         3
 Portal Projectile        Hex/Tloc       0%         N/A       75%         3
 Stone Arrow              Conj/Erth      0%         3d7       75%         3
 Summon Guardian Golem    Hex/Summ       0%         N/A       75%         3
 Tukima's Dance           Hex            0%         N/A       75%         3
 Airstrike                Air            0%         2d(0-16)  98%         4
 Animate Armour           Summ/Erth      0%         N/A       98%         4
 Animate Dead             Necr           0%         N/A       98%         4
 Corpse Rot               Necr/Pois/Air  0%         N/A       98%         4
 Dispel Undead            Necr           0%         3d6       98%         4
 Flame Wave               Conj/Fire      0%         2d4       98%         4
 Leda's Liquefaction      Hex/Erth       0%         N/A       98%         4
 Olgreb's Toxic Radiance  Pois           0%         N/A       98%         4
 Passage of Golubria      Tloc           0%         N/A       98%         4
 Petrify                  Tmut/Erth      0%         N/A       98%         4
 Summon Lightning Spire   Summ/Air       0%         N/A       98%         4
 Alistair's Intoxication  Tmut/Pois      0%         N/A       100%        5
 Blade Hands              Tmut           0%         N/A       100%        5
 Fireball                 Conj/Fire      0%         3d3       100%        5
 Irradiate                Conj/Tmut      0%         3d11      100%        5
 Iskenderun's Battlesphe  Conj           0%         2d6       100%        5
 Lee's Rapid Deconstruct  Erth           0%         3d5*      100%        5
 Lightning Bolt           Conj/Air       0%         1d11      100%        5
 Metabolic Englaciation   Hex/Ice        0%         N/A       100%        5
 Silence                  Hex/Air        0%         N/A       100%        5
 Yara's Violent Unravell  Hex/Tmut       0%         3d3       100%        5
 Conjure Ball Lightning   Conj/Air       0%         3x3d6     100%        6
 Death Channel            Necr           0%         N/A       100%        6
 Dispersal                Tloc           0%         N/A       100%        6
 Eringya's Noxious Bog    Tmut/Pois      0%         N/A       100%        6
 Iron Shot                Conj/Erth      0%         9d1       100%        6
 Statue Form              Tmut/Erth      0%         N/A       100%        6
 Summon Cactus Giant      Summ           0%         N/A       100%        6
 Enfeeble                 Hex            0%         N/A       100%        7
 Haunt                    Necr/Summ      0%         N/A       100%        7
 Orb of Destruction       Conj           0%         9d5       100%        7
 Summon Hydra             Summ           0%         N/A       100%        7
 Borgnjor's Revivificati  Necr           0%         N/A       100%        8
 Disjunction              Tloc           0%         N/A       100%        8
 Infestation              Necr           0%         N/A       100%        8
 Lehudib's Crystal Spear  Conj/Erth      0%         10d2      100%        8
 Necromutation            Tmut/Necr      0%         N/A       100%        8
 Chain Lightning          Conj/Air       0%         N/A       100%        9
 Death's Door             Necr           0%         N/A       100%        9
 Fire Storm               Conj/Fire      0%         5d1       100%        9
 Shatter                  Erth           0%         3d5*      100%        9


Dungeon Overview and Level Annotations

Branches:
Dungeon (15/15) Zot: 38287  Temple (1/1) D:6 Zot: 8985    Lair (5/5) D:11 Zot: 35243
  Swamp (4/4) Lair:3 Zot: 30095   Snake (4/4) Lair:3 Zot: 23586   Slime (0/5) Lair:4
    Orc (2/2) D:9 Zot: 14648     Elf (1/3) Orc:2 Zot: 8998  Vaults (4/5) D:14 Zot: 27823
  Crypt (1/3) Vaults:3 Zot: 8994  Depths (0/4) D:15        Ossuary (visited)
  IceCv (visited)

Altars:
Ashenzari
Cheibriados
Dithmenos
Elyvilon
Fedhas
Gozag
Hepliaklqana
Kikubaaqudgha
Makhleb
Nemelex Xobeh
Okawaru
Qazlal
Ru
Sif Muna
Trog
Uskayaw
Vehumet
Wu Jian
Xom
Yredelemnul
Zin
The Shining One
Jiyva

Shops:
D:1 ?   D:14 *   Orc:1 *   Orc:2 *??:   Snake:3 !   Snake:4 =::   Vaults:1 [
Vaults:2 !

Portals:
Trove: D:12 (give 5 potions of resistance)

Annotations:
Snake:3 6 transporters


Innate Abilities, Weirdness & Mutations

You have a pair of horns on your head.
You reflexively headbutt those who attack you in melee.


Message History

You hit the ironbound frostheart.
You headbutt the ironbound frostheart, but do no damage.
The ironbound frostheart is moderately wounded.
The ironbound frostheart touches you but does no damage.
The vault sentinel blows a loud note on a signal horn!
You hear a shout! x3
You whack the ironbound frostheart!
You feel better.
You headbutt the ironbound frostheart.
The ironbound frostheart is heavily wounded.
You closely miss the ironbound frostheart.
You headbutt the ironbound frostheart!
The ironbound frostheart is severely wounded.
The ironbound frostheart calls freezing cold from the walls.
The frost grips you.
Electricity crackles from the ironbound thunderhulk's apparatus.
The bolt of lightning hits you!!!
You hit the ironbound frostheart but do no damage.
The ironbound frostheart is severely wounded.
You closely miss the ironbound frostheart.
You headbutt the ironbound frostheart.
The ironbound frostheart is severely wounded.
The ice encasing you melts away.
The ironbound frostheart touches you but does no damage.
The ironbound frostheart calls freezing cold from the walls.
The frost grips you!!
You are encased in ice.
Electricity crackles from the ironbound thunderhulk's apparatus.
The bolt of lightning hits you!!
You whack the ironbound frostheart! You headbutt the ironbound frostheart.
The ironbound frostheart is almost dead.
You closely miss the ironbound frostheart.
Your headbutt misses the ironbound frostheart.
The ironbound frostheart is almost dead.
The ironbound frostheart calls freezing cold from the walls.
The frost grips you!!!
* * * LOW HITPOINT WARNING * * *
The ironbound frostheart touches you!
* * * LOW HITPOINT WARNING * * *
The ironbound frostheart freezes you!!
You die... ...#+#... ....... ##...O.## +.....+ .p.u.
Bpc

#p# ##@##
##.))##
##.....##
#....)..#
.#####...#####..
....$#...#puuu..
#####...#######
##+## ### ###
#..###..###..


You could see an ironbound thunderhulk, an entropy weaver, a cyan ugly thing, 2
ironbound frosthearts, a vault sentinel (catching breath) and a yaktaur.

Vanquished Creatures
  the Lernaean hydra (Swamp:4)
  Vashnia (Snake:4)
  Nikola (Swamp:2)
  Rupert (Lair:5)
  A tentacled monstrosity (Swamp:1)
  Jorgrun (Orc:2)
  2 quicksilver dragons (Snake:4)
  3 sphinxes
  An ancient champion (Vaults:3)
  Gastronok (Lair:1)
  Kirke (Snake:4)
  Agnes (Snake:4)
  2 thorn hunters
  A fenstrider witch (Swamp:3)
  4 nagarajas (Snake:4)
  7 vault wardens
  3 orc warlords
  Aizul (Snake:1)
  13 ironbound preservers
  5 stone giants
  A reaper (IceCv)
  Nessos (Lair:5)
  4 ironbound thunderhulks
  7 very ugly things
  6 eleionomae
  A deep elf annihilator (Vaults:1)
  4 bunyips
  The ghost of metricduck the Fighter, a journeyman MiBe of Trog (D:12)
  14 dire elephants
  A crystal guardian (Vaults:3)
  2 shambling mangroves
  8 great orbs of eyes
  9 yaktaur captains
  21 hydras
  3 peacekeepers
  4 ghost crabs
  Harold (D:10)
  2 deep elf high priests
  5 boulder beetles
  A rakshasa (D:15)
  A salamander tyrant (Snake:4)
  6 vault guards
  3 catoblepae
  10 ironbound frosthearts
  An ogre mage (D:15)
  A spriggan air mage (Swamp:4)
  27 centaur warriors
  6 anacondas
  8 two-headed ogres
  A deep troll shaman (Lair:5)
  3 naga warriors
  3 tengu warriors (D:15)
  7 alligators
  6 death yaks (Lair:5)
  An orc high priest (Orc:2)
  10 shock serpents
  A vampire mage (Vaults:3)
  Sonja (Orc:2)
  19 naga sharpshooters
  A shadow wraith (Vaults:3)
  A skeletal warrior (Vaults:3)
  A fire crab (D:14)
  Nergalle (Orc:1)
  3 sea snakes
  A salamander mystic (Snake:2)
  A glowing orange brain (Vaults:2)
  29 deep trolls
  13 swamp dragons
  3 spriggan druids
  5 goliath frogs
  8 wizards
  A phantasmal warrior (Vaults:1)
  8 naga ritualists
  A necromancer (Vaults:4)
  4 harpies (Vaults:1)
  A spectral wolf spider (D:12)
  17 lindwurms
  12 ironbound convokers
  Pikel (D:3)
  4 manticores
  3 deep elf pyromancers
  6 orc knights
  20 ugly things
  10 cyclopes
  13 mana vipers
  23 slime creatures
  3 will-o-the-wisps
  12 elephants (Lair:5)
  8 salamanders
  2 ice statues (IceCv)
  2 spectral centaurs (D:12)
  4 orc sorcerers
  2 guardian serpents (Snake:4)
  16 naga magi
  14 vault sentinels
  38 black mambas
  A guardian serpent (shapeshifter) (D:13)
  2 gargoyles
  The ghost of Coyote68 the Magician, a novice DrTm of Ru (D:6)
  14 cane toads
  6 rime drakes
  5 kobold demonologists
  Maggie (D:8)
  A spectral redback (D:12)
  An unseen horror zombie (D:8)
  5 ice devils (IceCv)
  10 komodo dragons
  3 anaconda simulacra (IceCv)
  24 yaktaurs
  2 tengu conjurers
  A wolf spider simulacrum (D:12)
  12 hornets
  13 trolls
  4 polar bears
  12 tyrant leeches
  Grinder (D:4)
  16 dream sheep
  Prince Ribbit (D:6)
  3 saltlings (Orc:2)
  2 raiju (shapeshifter) (D:13)
  19 blink frogs
  Sigmund (D:6)
  3 centaur simulacra
  3 wraiths
  6 wyverns
  5 spriggans
  4 shadows
  2 vampires (D:11)
  2 water elementals (D:14)
  4 basilisks
  51 yaks
  7 hogs (Snake:3)
  A basilisk (shapeshifter) (D:14)
  A redback simulacrum (D:12)
  A golden eye (shapeshifter) (Vaults:2)
  A redback (Vaults:4)
  6 vampire mosquitoes (D:13)
  2 death yak simulacra
  2 steam dragons (D:8)
  Menkaure (D:6)
  4 wargs
  20 swamp worms
  A hydra simulacrum (IceCv)
  3 acid dragons
  27 nagas
  A spectral hornet (D:12)
  17 water moccasins
  6 swamp drakes
  A hornet zombie (D:8)
  7 black bears
  23 orc warriors
  2 sky beasts
  An ice beast (D:5)
  5 boggarts (D:15)
  7 wolves
  8 ogres
  15 centaurs
  A lemure (D:4)
  2 phantoms
  3 kobold brigands
  Blork the orc (D:4)
  11 bullfrogs
  2 two-headed ogre simulacra (IceCv)
  4 necrophages
  3 scorpions
  2 cane toad simulacra (IceCv)
  5 wights
  13 killer bees
  2 elephant simulacra
  7 electric eels
  5 howler monkeys (D:7)
  3 centaur zombies
  5 hounds
  2 jellies
  A human zombie (D:8)
  11 orc priests
  A gnoll bouda (D:4)
  An iguana (D:7)
  21 orc wizards
  2 polar bear simulacra (Lair:2)
  3 troll simulacra (IceCv)
  2 wolf simulacra (IceCv)
  2 killer bee zombies (D:8)
  A howler monkey zombie (D:8)
  5 mummies
  7 gnolls
  8 adders
  3 naga simulacra (IceCv)
  2 white imps (IceCv)
  An ufetubus (IceCv)
  2 adder zombies (Ossuary)
  2 dart slugs
  80 orcs
  5 bats
  8 endoplasms
  2 giant cockroaches
  11 goblins
  9 hobgoblins
  10 jackals
  3 quokkas
  8 ball pythons
  A gnoll zombie (Ossuary)
  3 goblin zombies (Ossuary)
  A hobgoblin zombie (Ossuary)
  19 kobolds
  5 kobold zombies (Ossuary)
  3 quokka zombies
  6 rats
  5 rat zombies
1290 creatures vanquished.

Vanquished Creatures (others)
  A black mamba (Snake:4)
  A bloated husk (Swamp:2)
  An adder (D:2)
  18 foxfires (Swamp:4)
  44 fungi
  5 pillars of salt (Orc:2)
  83 plants
153 creatures vanquished.

Grand Total: 1443 creatures vanquished

Notes
Turn   | Place    | Note
-------+----------+-------------------------------------------
     0 | D:1      | Arcadio the Minotaur Hunter began the quest for the Orb.
     0 | D:1      | Reached XP level 1. HP: 18/18 MP: 0/0
    74 | D:1      | Reached skill level 1 in Armour
    74 | D:1      | Reached XP level 2. HP: 25/25 MP: 1/1
   481 | D:1      | Reached XP level 3. HP: 27/31 MP: 2/2
   702 | D:1      | Found Foenloev's Magic Scroll Shoppe.
   710 | D:1      | Bought a scroll of identify for 22 gold pieces
   710 | D:1      | Bought a scroll of teleportation for 33 gold pieces
   918 | D:2      | Reached skill level 5 in Ranged Weapons
  1137 | D:2      | Reached XP level 4. HP: 23/39 MP: 3/3
  1402 | D:2      | Found a snail-covered altar of Cheibriados.
  1415 | D:2      | Became a worshipper of Cheibriados the Contemplative
  1630 | D:3      | Found a burning altar of Makhleb.
  1635 | D:3      | Identified the +11 whip of Quick Death {vamp, rF+ Will+
                  | Dex+4}
  1865 | D:3      | Reached * piety under Cheibriados
  1942 | D:3      | Reached XP level 5. HP: 44/46 MP: 4/4
  2077 | D:3      | Found a sparkling altar of Nemelex Xobeh.
  2115 | D:3      | Found a faded altar of an unknown god.
  2218 | D:4      | Found an ornate altar of the Wu Jian Council.
  2333 | D:4      | Found a bloodstained altar of Trog.
  2354 | D:4      | Reached XP level 6. HP: 55/55 MP: 5/5
  2428 | D:4      | Noticed Blork the orc
  2439 | D:4      | Killed Blork the orc
  2440 | D:4      | Reached skill level 5 in Fighting
  2707 | D:4      | Found an ancient bone altar of Kikubaaqudgha.
  2733 | D:4      | Reached ** piety under Cheibriados
  2788 | D:4      | Noticed a sky beast
  2793 | D:4      | Noticed Grinder
  3077 | D:1      | Bought a scroll of blinking for 82 gold pieces
  3242 | D:5      | Entered Level 5 of the Dungeon
  3426 | D:5      | Reached XP level 7. HP: 61/61 MP: 6/6
  3478 | D:5      | Reached skill level 5 in Armour
  3589 | D:5      | Noticed Pikel
  3934 | D:3      | Killed Pikel
  3935 | D:3      | Reached XP level 8. HP: 18/73 MP: 7/7
  4381 | D:6      | Noticed Sigmund
  4401 | D:6      | Killed Sigmund
  4402 | D:6      | Reached skill level 1 in Invocations
  4448 | D:6      | Reached skill level 1 in Maces & Flails
  4473 | D:6      | Noticed Menkaure
  4479 | D:6      | Killed Menkaure
  4482 | D:6      | Reached *** piety under Cheibriados
  4503 | D:6      | Found a staircase to the Ecumenical Temple.
  4513 | Temple   | Entered the Ecumenical Temple
  4552 | D:6      | Noticed Prince Ribbit
  4562 | D:6      | Killed Prince Ribbit
  4681 | D:6      | Found a runed translucent gate.
  4684 | D:6      | Found a runed translucent gate.
  4684 | D:6      | Found a runed translucent gate.
  4685 | D:6      | Found an opulent altar of Gozag.
  4686 | D:6      | Noticed a troll
  4686 | D:6      | Noticed Coyote68's ghost (novice DrTm)
  4742 | D:6      | Found a hide-covered altar of Uskayaw.
  4825 | D:6      | Reached XP level 9. HP: 81/81 MP: 10/10
  4917 | D:7      | Found a hazy altar of Hepliaklqana.
  5287 | D:7      | Got the Cyclopedia of Remoulded Poisoning
  5444 | D:7      | Found a white marble altar of Elyvilon.
  5576 | D:7      | Found a glowing golden altar of the Shining One.
  6034 | D:8      | Noticed Maggie
  6038 | D:8      | Found a sand-covered staircase.
  6048 | D:8      | Reached skill level 5 in Maces & Flails
  6056 | D:8      | Killed Maggie
  6282 | Ossuary  | Entered an ossuary
  6301 | Ossuary  | Reached **** piety under Cheibriados
  6612 | D:8      | Found an opulent altar of Gozag.
  6634 | D:8      | Reached skill level 5 in Invocations
  6634 | D:8      | Reached XP level 10. HP: 90/92 MP: 12/12
  6751 | D:8      | Reached skill level 10 in Fighting
  7065 | D:8      | Reached skill level 10 in Armour
  7073 | D:8      | Found a basalt altar of Yredelemnul.
  7455 | D:9      | Reached ***** piety under Cheibriados
  7887 | D:9      | Found a stormy altar of Qazlal.
  7906 | D:9      | Reached XP level 11. HP: 84/102 MP: 15/15
  8102 | D:9      | Found a staircase to the Orcish Mines.
  8285 | Orc:1    | Entered Level 1 of the Orcish Mines
  8285 | Orc:1    | Found Coiwif's General Store.
  8288 | Orc:1    | Noticed Nergalle
  8654 | D:10     | Entered Level 10 of the Dungeon
  8767 | D:10     | Identified the +0 plate armour "Ydahanuw" {*Slow rF++
                  | Int+3}
  8785 | D:10     | Noticed a two-headed ogre
  8786 | D:10     | Noticed a sixfirhy
  8799 | D:10     | Killed a two-headed ogre
  9142 | D:10     | Noticed a sun demon
  9149 | D:10     | Noticed a sun demon
  9163 | D:10     | Identified the +12 chain mail "Omuleg" {rCorr Str+3}
  9481 | D:10     | Noticed Harold
  9491 | D:10     | Killed Harold
  9532 | D:10     | Noticed a wizard
  9532 | D:10     | Noticed a cyan ugly thing
  9532 | D:10     | Noticed a five-headed hydra
  9624 | D:10     | Killed a cyan ugly thing
  9666 | D:10     | Identified the +2 storm dragon scales "Asuiggih" {rElec
                  | Dex+3}
 10118 | D:11     | Found a white marble altar of Elyvilon.
 10223 | D:11     | Reached skill level 10 in Maces & Flails
 10223 | D:11     | Reached XP level 12. HP: 100/113 MP: 17/17
 10279 | D:11     | Found a staircase to the Lair.
 10583 | D:11     | Noticed a two-headed ogre
 10590 | D:11     | Killed a two-headed ogre
 10799 | Lair:1   | Entered Level 1 of the Lair of Beasts
 11129 | Lair:1   | Noticed Gastronok
 11248 | Lair:2   | Found a frozen archway.
 11268 | Lair:2   | Reached ****** piety under Cheibriados
 11274 | IceCv    | Entered an ice cave
 12576 | IceCv    | Noticed a reaper
 12627 | IceCv    | Killed a reaper
 13195 | Lair:2   | Identified the +3 long sword of Ucke Dyo {venom, Stlth+}
 13265 | Lair:2   | Reached skill level 10 in Invocations
 13273 | Lair:2   | You are sucked into a shaft and drop 2 floors!
 13439 | Lair:4   | Found a staircase to the Slime Pits.
 13440 | Lair:4   | Found a viscous altar of Jiyva.
 13478 | Lair:3   | Reached XP level 13. HP: 105/123 MP: 13/19
 13612 | Lair:3   | Found a staircase to the Snake Pit.
 13673 | Snake:1  | Entered Level 1 of the Snake Pit
 14488 | Lair:3   | Found a staircase to the Swamp.
 15146 | Lair:2   | Reached skill level 15 in Fighting
 15773 | Lair:4   | Reached skill level 10 in Ranged Weapons
 15798 | Lair:4   | Got the Codex of Variation
 15801 | Lair:4   | Learned a level 1 spell: Apportation
 15886 | Lair:4   | Identified the +1 chain mail "Uvul Voit" {rF+ Int+3}
 16127 | Lair:5   | Entered Level 5 of the Lair of Beasts
 16153 | Lair:4   | Reached XP level 14. HP: 135/135 MP: 21/21
 16162 | Lair:5   | Reached skill level 15 in Armour
 16642 | Lair:5   | Noticed Nessos
 17250 | Lair:5   | Killed Nessos
 17954 | Lair:5   | Noticed Rupert
 17971 | Lair:5   | Killed Rupert
 18658 | D:1      | Bought a scroll of enchant armour for 82 gold pieces
 18658 | D:1      | Bought a scroll of silence for 104 gold pieces
 18764 | D:4      | Killed Grinder
 18975 | D:6      | Killed Coyote68's ghost
 19363 | Lair:1   | Killed Gastronok
 19613 | Orc:1    | Killed Nergalle
 19631 | Orc:1    | Noticed an orc warlord
 19788 | D:9      | Killed an orc warlord
 19930 | Orc:1    | Reached XP level 15. HP: 135/142 MP: 23/23
 20211 | Orc:2    | Entered Level 2 of the Orcish Mines
 20211 | Orc:2    | Noticed Sonja
 20212 | Orc:2    | Killed Sonja
 20241 | Orc:2    | Found a staircase to the Elven Halls.
 20278 | Elf:1    | Entered Level 1 of the Elven Halls
 20329 | Orc:2    | Noticed Jorgrun
 20345 | Orc:2    | Killed Jorgrun
 20783 | Orc:2    | Noticed an orc warlord
 20790 | Orc:2    | Found Ogeprih's Magic Scroll Shop.
 20792 | Orc:2    | Noticed an orc warlord
 20805 | Orc:2    | Found Ifurhiah's Book Boutique.
 21103 | Orc:2    | Killed an orc warlord
 21119 | Orc:2    | Killed an orc warlord
 21483 | Orc:2    | Found Fuarreyb's Magic Scroll Shop.
 21492 | Orc:2    | Bought a scroll of identify for 28 gold pieces
 21492 | Orc:2    | Bought a scroll of identify for 28 gold pieces
 21492 | Orc:2    | Bought a scroll of identify for 28 gold pieces
 21498 | Orc:2    | Identified a scroll of acquirement
 21500 | Orc:2    | Acquired a manual of Maces & Flails
 21654 | Orc:2    | Found Tocu Ata's General Store.
 21659 | Orc:2    | Bought a wand of mindburst (2) for 30 gold pieces
 21659 | Orc:2    | Bought a scroll of enchant armour for 82 gold pieces
 21680 | Orc:2    | Bought a scroll of summoning for 133 gold pieces
 21684 | Orc:2    | Bought a scroll of magic mapping for 112 gold pieces
 21684 | Orc:2    | Bought a scroll of teleportation for 45 gold pieces
 21684 | Orc:2    | Bought a scroll of identify for 30 gold pieces
 21684 | Orc:2    | Bought a scroll of silence for 142 gold pieces
 21684 | Orc:2    | Bought a scroll of fog for 60 gold pieces
 21684 | Orc:2    | Bought a scroll of enchant armour for 112 gold pieces
 21684 | Orc:2    | Bought a scroll of identify for 30 gold pieces
 21684 | Orc:2    | Bought a scroll of brand weapon for 142 gold pieces
 22061 | Orc:1    | Bought a potion of invisibility for 144 gold pieces
 22147 | D:12     | Found a portal to a secret trove of treasure.
 22576 | D:12     | Found a runed translucent gate.
 22576 | D:12     | Found a runed translucent gate.
 22576 | D:12     | Found a runed translucent gate.
 22884 | D:12     | Noticed metricduck's ghost (journeyman MiBe)
 23093 | D:12     | Killed metricduck's ghost
 25062 | D:14     | Found a gate to the Vaults.
 25101 | D:14     | Reached XP level 16. HP: 87/157 MP: 13/25
 25389 | D:14     | Found Gozag's Platinum Reserve.
 25390 | D:14     | Found an opulent altar of Gozag.
 26077 | D:15     | Entered Level 15 of the Dungeon
 26490 | D:15     | Acquired 665 gold pieces
 26834 | D:15     | Reached skill level 15 in Maces & Flails
 27058 | D:15     | Found a staircase to the Depths.
 27318 | D:15     | Identified the +1 plate armour "Ucziont" {+Inv rElec rC-
                  | Slay-4}
 27722 | Snake:1  | Noticed Aizul
 28310 | Snake:1  | Killed Aizul
 28875 | Snake:1  | Identified the +1 robe of Ipysece {rN+++ Str-4 Dex+4}
 30476 | Snake:2  | Reached skill level 15 in Invocations
 31264 | Snake:3  | Reached XP level 17. HP: 168/168 MP: 27/27
 31664 | Snake:3  | Found a transporter.
 31667 | Snake:3  | Found a transporter.
 32253 | Snake:3  | Found a transporter.
 32255 | Snake:3  | Found a transporter.
 32286 | Snake:3  | Found Viqik's Distillery.
 32292 | Snake:3  | Bought a potion of ambrosia for 144 gold pieces
 32292 | Snake:3  | Bought a potion of curing for 54 gold pieces
 32292 | Snake:3  | Bought a potion of heal wounds for 90 gold pieces
 32292 | Snake:3  | Bought 2 potions of cancellation for 288 gold pieces
 32292 | Snake:3  | Bought a potion of curing for 54 gold pieces
 32292 | Snake:3  | Bought a potion of lignification for 54 gold pieces
 32292 | Snake:3  | Bought a potion of invisibility for 144 gold pieces
 32305 | Snake:3  | Found a transporter.
 32307 | Snake:3  | Found a transporter.
 32824 | Snake:4  | Entered Level 4 of the Snake Pit
 32824 | Snake:4  | Noticed Kirke
 32865 | Snake:4  | Killed Kirke
 33786 | Snake:4  | Noticed Agnes
 33797 | Snake:4  | Killed Agnes
 34294 | Snake:4  | Noticed Vashnia
 34360 | Snake:4  | Killed Vashnia
 34949 | Snake:4  | Found Xemuul's Jewellery Emporium.
 34949 | Snake:4  | Found Otayrgh's Book Boutique.
 34950 | Snake:4  | Found Deyn's Book Boutique.
 35370 | Snake:4  | Noticed a quicksilver dragon
 35374 | Snake:4  | Noticed a quicksilver dragon
 35380 | Snake:4  | Killed a quicksilver dragon
 35391 | Snake:4  | Killed a quicksilver dragon
 35762 | Snake:4  | Got a serpentine rune of Zot
 36028 | Swamp:1  | Entered Level 1 of the Swamp
 36060 | Swamp:1  | Noticed a tentacled monstrosity
 36090 | Swamp:1  | Killed a tentacled monstrosity
 37222 | Swamp:2  | Noticed Nikola
 37251 | Swamp:2  | Killed Nikola
 37398 | Swamp:2  | Reached XP level 18. HP: 175/178 MP: 29/29
 37762 | Swamp:2  | Learned a level 2 spell: Passwall
 38188 | Swamp:3  | Acquired 769 gold pieces
 38520 | Snake:4  | Bought the amulet of Vitality {RegenMP++ Regen++} for 1600
                  | gold pieces
 38520 | Snake:4  | Found the amulet of Vitality {RegenMP++ Regen++}
 39269 | Swamp:4  | Entered Level 4 of the Swamp
 39500 | Swamp:4  | Got a decaying rune of Zot
 39553 | Swamp:4  | Noticed the 27-headed Lernaean hydra
 39562 | Swamp:4  | Killed the 27-headed Lernaean hydra
 40598 | Vaults:1 | Entered Level 1 of the Vaults
 40974 | Vaults:1 | Found Pyfryliura's Armour Shop.
 41598 | Vaults:1 | Reached XP level 19. HP: 164/189 MP: 30/30
 43104 | Vaults:2 | Identified the +5 morningstar of Hegaoc {speed, Dex+8}
 43522 | Vaults:2 | Found Muosi's Distillery.
 43526 | Vaults:2 | Bought a potion of might for 72 gold pieces
 43526 | Vaults:2 | Bought 2 potions of might for 144 gold pieces
 43526 | Vaults:2 | Bought a potion of might for 72 gold pieces
 43526 | Vaults:2 | Bought a potion of might for 72 gold pieces
 43526 | Vaults:2 | Bought a potion of cancellation for 144 gold pieces
 43526 | Vaults:2 | Bought a potion of heal wounds for 90 gold pieces
 44171 | Vaults:2 | Got the Quarto of Execration
 44853 | Vaults:3 | Found a staircase to the Crypt.
 44869 | Crypt:1  | Entered Level 1 of the Crypt
 44989 | Vaults:3 | Reached XP level 20. HP: 142/200 MP: 32/32
 46381 | Vaults:4 | Mangled by an ironbound frostheart

Illustrated notes

Levels and vault maps discovered:
D:1:      scummos_arrival_star, layout_basic, serial_shops, shop, serial_curves,
          eino_curves_03, eino_curves_01
D:2:      layout_rooms, basic_altar
D:3:      layout_rooms, mainiacjoe_overflow_cross_hatched, bloody_makhleb,
          hellmonk_ecumenical_altar_arch_garden, corexii_shack
D:4:      layout_cave_pools, lemuel_zombie_altar_kikubaaqudgha,
          lemuel_crystal_altar, lightli_temple_of_fire,
          kennysheep_generic_room_4, uniq_blork_the_orc, uniq_grinder
D:5:      layout_rooms, uniq_pikel
D:6:      layout_rooms, mainiacjoe_overflow_24_doors,
          minmay_temple_entry_arrows, ebering_ghost_gozag, uniq_prince_ribbit1,
          uniq_sigmund, uniq_menkaure
D:7:      layout_gridville, mainiacjoe_overflow_concentric_impassable,
          mainiacjoe_overflow_catch_the_wave
D:8:      layout_cave_pools, lemuel_mausoleum_altar_yredelemnul,
          mainiacjoe_overflow_surrounded_room, enter_ossuary_4,
          hangedman_decor_clover_reticule, dreamdust_deal_with_the_devil,
          uniq_maggie
D:9:      layout_basic, nicolae_qazlal_scattered_showers,
          minmay_orc_entry_temple_small
D:10:     minmay_the_grid_octo_tiled_octocenter
          [minmay_the_grid_octo_tetromino_candy, minmay_the_grid_octo_clover_2,
          minmay_the_grid_octo_empty, minmay_the_grid_octo_vomiting_pacman,
          minmay_the_grid_octo_prize_big_c, minmay_the_grid_square_5x5_fat_x,
          minmay_the_grid_square_5x5_almost_minimal,
          minmay_the_grid_square_5x5_slash,
          minmay_the_grid_square_5x5_checkered_sparse], layout_stronghold,
          minmay_misc_feat_hallway, minivault_22, uniq_harold
D:11:     layout_gridville, due_lair_maze_entry_diamond,
          nicolae_elyvilon_peaceful_grove
D:12:     layout_loops_ring, nicolae_trove_entry_isolated,
          gammafunk_ghost_necromancy
D:13:     layout_layer_cave, minmay_starry_boxes
D:14:     layout_basic, lightli_vaults_fourway_checkpoint, minmay_holes,
          st_stairs_5, statue_in_the_mist_lemuel,
          chequers_serial_rivers_small_b, nicolae_gozag_zags_fifth_avenue
D:15:     grunt_enter_depths_snipers, layout_cross, minmay_crystal_room,
          hex_large
Temple:   hellmonk_temple_micro_hex
Lair:1:   layout_cave_shapes, uniq_gastronok
Lair:2:   layout_long_grid, portal_ice_cave_entry_ice_simulacra
Lair:3:   layout_cave_shapes, palyth_hydra_swamp_entry,
          minmay_snake_entry_six_corridors, beast_lair_carwin_9
Lair:4:   layout_concentric_octagons, slime_entry_1, serial_forest,
          infiniplex_forest_clump_tiny, infiniplex_forest_lined_2,
          infiniplex_forest_lined_room_, infiniplex_forest_end_3,
          infiniplex_forest_lined_room_, minmay_lindwurm_lava
Lair:5:   grunt_lair_end_beastmaster, layout_regular_city, uniq_rupert,
          uniq_nessos
Swamp:1:  layout_basic_swamp, evilmike_swamp_ruin_house_1
Swamp:2:  layout_basic_swamp, evilmike_swamp_ruin_house_2, swamp_pool4,
          infiniplex_staircase_pool, uniq_nikola
Swamp:3:  layout_basic_swamp, serial_swamp_ruin, evilmike_swamp_ruin_house_3,
          evilmike_swamp_ruin_house_6, evilmike_swamp_ruin_wall
Swamp:4:  swamp_alternative, layout_basic_swamp, infiniplex_staircase_pool_2
Snake:1:  layout_honeycomb, uniq_aizul
Snake:2:  layout_chambers, nicolae_snake_gridmaze_swirls
Snake:3:  cheibrodos_snake_ritualist_ritual, layout_basic, serial_shops,
          shop_coins, serial_nicolae_subway, nicolae_sub_station_stone,
          nicolae_sub_station_metal, nicolae_sub_station_crystal,
          serial_bayou_shore_a
Snake:4:  hellmonk_snake_rune_quicksilver_temple, layout_chambers,
          nicolae_snake_bzzzt, minmay_shop_grove, uniq_vashnia, uniq_agnes,
          uniq_kirke
Orc:1:    layout_caves, serial_shops, nicolae_shop_advertising_works
          [nicolae_subvault_shop_adworks], uniq_nergalle
Orc:2:    hellmonk_orc_salted, layout_caves, nicolae_volcano_entry_s_turn,
          uniq_jorgrun, uniq_sonja
Elf:1:    nicolae_elf_arrival_aired_out, layout_onion_city, serial_shops,
          nicolae_shop_hallway_plus, orc_legates, roderic_roman_lattice,
          hangedman_research_probablistics
Vaults:1: nicolae_vaults_ring_of_whatevers, hangedman_vaults_river_flow,
          grunt_vaults_funnel, v_misc_18, nicolae_vaults_little_squares_5,
          v_misc_18, dpeg_vaults_monster_box, nicolae_vaults_little_squares_6,
          layout_vaults_omnigrid, serial_shops, nicolae_shop_window_shopping
Vaults:2: dpeg_vaults_pockets_of_resistance, ontoclasm_vaults_ring_small,
          nicolae_vaults_twisting_passages, hangedman_vaults_capsules,
          vaults_dpeg_hooks, vaults_room_semicircle,
          vaults_standard_mumra_enter_the_diamond, v_rooms_4,
          hangedman_vaults_pinch, hangedman_vaults_cutoff,
          layout_vaults_maze_snakey, serial_shops, shop
Vaults:3: minmay_crypt_entry_simple_walls, vaults_dpeg_encased_lava,
          grunt_vaults_hallway_short, v_pattern_1,
          nicolae_vaults_know_your_exits, ontoclasm_vaults_eye,
          vaults_dpeg_emergency_exit, vaults_standard_mumra_lines,
          dpeg_vaults_monster_row, ontoclasm_vaults_ring_square,
          nicolae_vaults_three_branches, layout_vaults_chaotic_city
Vaults:4: hangedman_vaults_stream, special_room_vaults [special_room_orc],
          nicolae_vaults_diagonal_hallway_8, v_misc_24,
          nicolae_vaults_little_ls, vaults_room_ringed_pool,
          ontoclasm_vaults_bender, ontoclasm_vaults_ring_small,
          nicolae_vaults_windows_and_doors_thing,
          nicolae_vaults_network_periphery, nicolae_vaults_arrows,
          nicolae_vaults_what_the_h, v_rooms_6, layout_vaults_omnibox,
          uniq_bai_suzhen, uniq_sojobo, uniq_margery
Crypt:1:  layout_gridlike

Skill      XL: |  1  2  3  4  5  6  7  8  9 10 11 12 13 14 15 16 17 18 19 20 |
---------------+-------------------------------------------------------------+-----
Armour         | 1 2 3 4 6 7 9 10 12 13 14 16 17 18 19 21 22 | 22.5
Fighting       | 3 4 5 7 8 9 11 12 13 15 16 17 19 20 21 22 | 22.6
Ranged Weapons | 5 6 7 8 10 11 12 | 12.4
Invocations    | 2 5 6 8 10 11 12 14 15 16 17 18 | 18.6
Maces & Flails | 2 5 7 10 11 14 17 19 20 21 22 | 22.0
Dodging        | |  2.1
Stealth        | |  0.7

Action                   |  1- 3 |  4- 6 |  7- 9 | 10-12 | 13-15 | 16-18 | 19-21 || total
-------------------------+-------+-------+-------+-------+-------+-------+-------++-------
Melee: War axe           |    42 |     7 |       |       |       |       |       ||    49
       Hand axe          |     3 |       |       |       |       |       |       ||     3
       Headbutt          |     6 |    17 |    53 |   197 |   406 |   546 |   465 ||  1690
       Whip              |       |    70 |   212 |   654 |  1220 |  1500 |  1073 ||  4729
       Punch             |       |       |       |    14 |    34 |    26 |    45 ||   119
 Fire: Shortbow          |    49 |    55 |    35 |   124 |       |       |       ||   263
       Longbow           |       |       |       |     8 |   106 |   364 |   104 ||   582
Invok: Bend Time         |       |       |     1 |     1 |     3 |     2 |       ||     7
       Temporal Distorti |       |       |     3 |     1 |     8 |     4 |     4 ||    20
       Slouch            |       |       |       |     4 |    12 |     8 |     1 ||    25
       Step From Time    |       |       |       |       |     1 |     2 |     2 ||     5
Evoke: Wand              |       |       |       |     2 |     3 |       |       ||     5
  Use: Scroll            |     3 |     5 |     6 |     7 |    16 |    11 |     2 ||    50
       Potion            |       |     1 |     5 |     1 |     4 |     9 |     5 ||    25
 Stab: Invisible         |       |       |       |       |       |       |     4 ||     4
Armor: Leather armour    |    12 |       |       |       |       |       |       ||    12
       Scale mail        |       |    49 |    35 |       |       |       |       ||    84
       Chain mail        |       |       |   107 |   250 |   783 |  1039 |   623 ||  2802
       Crystal plate arm |       |       |       |   230 |       |       |       ||   230
       Plate armour      |       |       |       |       |    37 |    44 |       ||    81
       Skin              |       |       |       |       |       |     4 |       ||     4
Dodge: Dodged            |    47 |    57 |   145 |   246 |   621 |   792 |   455 ||  2363
Block: Other             |       |       |       |       |   184 |   162 |       ||   346
       Reflection        |       |       |       |       |     6 |    28 |       ||    34
